 Dungeon Crawl Stone Soup version 0.25-a0-404-gc1b5a34 (webtiles) character file.

Game seed: 5569211370414267896, levelgen mode: deterministic

65965 Birdy the Black Belt (level 14, -9/111 HPs)
             Began as a Vampire Gladiator on Jan 11, 2020.
             Was the Champion of Wu Jian.
             Mangled by an orc warrior
             ... wielding a +0 long sword
              (17 damage)
             ... on level 2 of the Orcish Mines.
             The game lasted 00:46:53 (19991 turns).

Birdy the Black Belt (Vampire Gladiator)           Turns: 19991, Time: 00:47:13

Health: -9/111     AC: 22    Str: 17    XL:     14   Next: 77%
Magic:  14/14      EV: 23    Int: 15    God:    Wu Jian [******]
Gold:   2107       SH:  0    Dex: 17    Spells: 5/13 levels left

rFire    . . .     SeeInvis +     - Unarmed
rCold    . . .     Gourm    .   (no shield)
rNeg     . . .     Faith    .   a - +0 leather armour
rPois    .         Spirit   .   W - +3 crown of Dyrovepreva {rElec Int+2 SInv}
rElec    +         Reflect  .   e - +2 cloak
rCorr    .         Harm     .   d - +2 pair of gloves
MR       +....     Clarity  +   k - +2 pair of boots
Stlth    +++++++...             N - amulet of rage
HPRegen  0.48/turn              j - ring of the Octopus King {AC+1 EV+1 Str+1 Int+1 Dex+1 Stlth+}
MPRegen  0.14/turn              u - +1 ring of evasion

@: singing, very slightly contaminated, regenerating quickly, hasted, lightly
drained, invisible, very quick
A: no food, fangs 3, molten scales 1, thin metallic scales 1, see invisible,
clarity, shaggy fur 1, unbreathing, evolution 1
a: Exsanguinate, Wall Jump, Serpent's Lash, Heavenly Storm, Renounce Religion,
Evoke Berserk Rage


You were on level 2 of the Orcish Mines.
You worshipped Wu Jian.
Wu Jian was exalted by your worship.
You were alive.

You visited 4 branches of the dungeon, and saw 22 of its levels.

You collected 2107 gold pieces.

Inventory:

Missiles
 c - 3 throwing nets (quivered)
 v - 7 atropa-tipped darts
 V - 7 curare-tipped darts
Armour
 a - a +0 leather armour (worn)
 d - a +2 pair of gloves (worn)
 e - a +2 cloak (worn)
 k - a +2 pair of boots (worn)
 m - a +2 hat of magic resistance
 D - a scarf of repulsion
 W - the +3 crown of Dyrovepreva (worn) {rElec Int+2 SInv}
   (You found it on level 13 of the Dungeon)

   It affects your intelligence (+2).
   It insulates you from electricity.
   It lets you see invisible.
Jewellery
 j - a ring of the Octopus King (left hand) {AC+1 EV+1 Str+1 Int+1 Dex+1 Stlth+}
   (You found it on level 5 of the Dungeon)

   [ring of stealth]

   It affects your AC (+1).
   It affects your evasion (+1).
   It affects your strength (+1).
   It affects your intelligence (+1).
   It affects your dexterity (+1).
   It makes you more stealthy.
 t - an uncursed amulet of faith
 u - a +1 ring of evasion (right hand)
 N - an amulet of rage (around neck)
 O - an uncursed ring of magical power
Wands
 p - a wand of random effects (100)
 s - a wand of flame (31)
 w - a wand of disintegration (3)
 F - a wand of enslavement (4)
 K - a wand of iceblast (10)
 S - a wand of digging (7)
Scrolls
 f - 2 scrolls of amnesia
 g - 6 scrolls of magic mapping
 h - 5 scrolls of blinking
 l - a scroll of enchant armour
 n - 4 scrolls of teleportation
 x - 6 scrolls of remove curse
 y - 4 scrolls of fog
 A - 4 scrolls of enchant weapon
 H - 4 scrolls of fear
 I - 3 scrolls of immolation
 M - a scroll of torment
 T - 2 scrolls of summoning
 U - a scroll of identify
Potions
 i - 4 potions of resistance
 q - 2 potions of cancellation
 r - 4 potions of brilliance
 z - a potion of flight
 B - 3 potions of lignification
 C - a potion of mutation
 E - 2 potions of invisibility
 G - a potion of magic
 J - 3 potions of agility
 P - 2 potions of curing
 Q - 2 potions of might
 R - a potion of berserk rage


   Skills:
 + Level 10.7(10.5) Fighting
 - Level 1.5(1.4) Throwing
 - Level 4.2(4.0) Armour
 + Level 12.9(12.7) Dodging
 + Level 16.6(16.4) Stealth
 * Level 17.1(16.9) Unarmed Combat
 - Level 4.0(3.8) Charms


You had 5 spell levels left.
You knew the following spells:

 Your Spells              Type           Power        Failure   Level  Hunger
a - Simulacrum            Ice/Necr       #.........   100%        6    N/A
b - Song of Slaying       Chrm           ##......     10%         2    N/A

Your spell library contained the following spells:

 Spells                   Type           Power        Failure   Level  Hunger
 Infusion                 Chrm           ##..         7%          1    N/A
 Shroud of Golubria       Chrm/Tloc      #.....       22%         2    N/A
 Swiftness                Chrm/Air       #.......     22%         2    N/A
 Beastly Appendage        Tmut           #.....       32%         1    N/A
 Shock                    Conj/Air       #...         32%         1    N/A
 Ozocubu's Armour         Chrm/Ice       #.......     41%         3    N/A
 Spectral Weapon          Hex/Chrm       #.......     41%         3    N/A
 Sticks to Snakes         Tmut           #.......     43%         2    N/A
 Spider Form              Tmut/Pois      #.........   67%         3    N/A
 Static Discharge         Conj/Air       #.......     67%         3    N/A
 Airstrike                Air            #.........   97%         4    N/A
 Ice Form                 Ice/Tmut       #.......     97%         4    N/A
 Blade Hands              Tmut           #.........   100%        5    N/A
 Lightning Bolt           Conj/Air       #.........   100%        5    N/A
 Metabolic Englaciation   Hex/Ice        #.........   100%        5    N/A
 Freezing Cloud           Conj/Ice/Air   #.........   100%        6    N/A
 Ozocubu's Refrigeration  Ice            #.........   100%        6    N/A
 Ignition                 Fire           #.........   100%        8    N/A
 Shatter                  Erth           #.........   100%        9    N/A
 Tornado                  Air            #.........   100%        9    N/A

Dungeon Overview and Level Annotations

Branches:
Dungeon (13/15)            Temple (1/1) D:5            Lair (6/6) D:8
  Swamp (0/4) Lair:4       Spider (0/4) Lair:4        Slime (0/5) Lair:6
    Orc (2/2) D:12            Elf (0/3) Orc:2
 Vaults: D:13-14

Altars:
Ashenzari
Cheibriados
Dithmenos
Elyvilon
Fedhas
Gozag
Hepliaklqana
Kikubaaqudgha
Makhleb
Nemelex Xobeh
Okawaru
Qazlal
Ru
Sif Muna
Trog
Uskayaw
Vehumet
Wu Jian
Xom
Yredelemnul
Zin
The Shining One
Beogh
Jiyva

Shops:
D:4 }   D:13 [   Orc:2 =

Annotations:
Lair:1 exclusion: 3 oklob plants


Innate Abilities, Weirdness & Mutations

You do not eat.
Your natural rate of healing is unusually fast.
You have razor-sharp teeth.
You have supernaturally acute eyesight. (SInv)
You can survive without breathing.
You are partially covered in molten scales. (AC +2)
You are partially covered in thin metallic scales. (AC +2)
You possess an exceptional clarity of mind.
You are covered in fur. (AC +1)
You evolve.


Message History

The orc priest calls down the wrath of Beogh upon you.
Beogh smites you!
* * * LOW HITPOINT WARNING * * *
You bump into the rock wall.
The orc priest completely misses you. The orc warrior misses you.
An orc comes into view. It is wielding a +0 falchion.
The orc warrior hits you with a +0 war axe!
* * * LOW HITPOINT WARNING * * *
Unknown command.
You pummel the orc priest!!
You kill the orc priest!
The Council accepts your kill.
Unknown command.
You feel yourself speed up.
You feel less invigorated.
You feel less confused.
The orc priest calls down the wrath of Beogh upon you.
Beogh smites you!
* * * LOW HITPOINT WARNING * * *
The orc warrior hits you with a +0 long sword!
You die...

.## #...................
#.####................$..
...##....................
..##.....$....)..........
...#...#......).)).......
..............))[))......
..............))ooo......
...........∩#..#oo.......
............##)#@ooo.o...
..#............#######...
.###...........# ... #
##..........# o.
..........# ......#
#.8....#


You could see an orc knight, 3 orc warriors, 3 orc priests and 2 orcs.

Vanquished Creatures
  Jorgrun (D:13)
  Gastronok (Lair:2)
  7 hydras
  6 two-headed ogres
  Urug (D:13)
  Sonja (D:13)
  2 slime creatures (D:13)
  An unseen horror (D:13)
  A wolf spider zombie (D:11)
  2 deep elf magi (D:12)
  3 ugly things
  A manticore (D:11)
  3 orc sorcerers
  17 elephants
  Maurice (D:13)
  A guardian serpent (shapeshifter) (D:13)
  4 black mambas
  15 komodo dragons
  A rime drake (Lair:3)
  An efreet (D:13)
  11 spiny frogs
  6 polar bears
  3 trolls
  4 hornets (Lair:6)
  A bog body (Lair:4)
  23 blink frogs
  12 dream sheep (Lair:6)
  4 hippogriffs
  Sigmund (D:2)
  4 wyverns
  25 yaks
  12 spriggans (Lair:6)
  A basilisk (Lair:1)
  4 vampire mosquitoes (D:12)
  2 wargs (Orc:1)
  A soldier ant (D:13)
  7 water moccasins
  6 porcupines
  11 orc warriors
  5 sky beasts
  An eye of draining (D:10)
  3 ice beasts
  4 black bears (Lair:6)
  2 necrophages
  3 phantoms
  42 wolves
  10 ogres
  5 boggarts (Lair:6)
  9 centaurs
  9 crocodiles
  A big kobold (D:8)
  16 bullfrogs
  5 scorpions
  A wyvern skeleton (D:12)
  20 killer bees
  11 wights
  3 howler monkeys (D:9)
  5 electric eels
  3 crimson imps
  A centaur zombie (D:6)
  2 quasits
  6 jellies
  16 orc priests
  4 hounds
  2 centaur skeletons
  3 bullfrog skeletons
  Crazy Yiuf (D:2)
  17 orc wizards
  Ijyb (D:3)
  5 iguanas
  10 worker ants
  4 hell rats (Lair:2)
  2 hound skeletons
  A worker ant zombie (D:11)
  4 gnolls
  13 adders
  4 river rats (Lair:2)
  3 shadow imps
  2 oozes
  2 adder skeletons
  2 worms (D:2)
  3 dart slugs
  3 leopard geckos (D:4)
  54 orcs
  6 bats
  6 giant cockroaches
  8 goblins
  11 hobgoblins
  16 jackals
  6 quokkas
  A ball python (D:5)
  5 frilled lizards
  A jackal skeleton (D:4)
  16 kobolds
  A quokka zombie (D:8)
  24 rats
  A fungus (Lair:5)
633 creatures vanquished.

Vanquished Creatures (others)
  An orc wizard (D:7)
  An orc (Orc:2)
  7 fungi
  3 plants
12 creatures vanquished.

Grand Total: 645 creatures vanquished

Notes
Turn   | Place    | Note
-------+----------+-------------------------------------------
     0 | D:1      | Birdy the Vampire Gladiator began the quest for the Orb.
     0 | D:1      | Reached XP level 1. HP: 16/16 MP: 1/1
    96 | D:1      | Reached XP level 2. HP: 15/22 MP: 2/2
   169 | D:1      | Reached skill level 1 in Armour
   308 | D:1      | Reached XP level 3. HP: 27/27 MP: 3/3
   623 | D:2      | Reached skill level 4 in Unarmed Combat
   862 | D:2      | Found a runed translucent door.
   863 | D:2      | Noticed Crazy Yiuf
   911 | D:2      | Reached XP level 4. HP: 30/33 MP: 4/4
  1063 | D:2      | Noticed an ogre
  1196 | D:2      | Killed an ogre
  1196 | D:2      | Reached XP level 5. HP: 38/38 MP: 5/5
  1277 | D:2      | Noticed Sigmund
  1292 | D:2      | Gained mutation: You are covered in fur. (AC +1) [potion of
                  | mutation]
  1292 | D:2      | Gained mutation: You evolve. [potion of mutation]
  1311 | D:2      | Killed Sigmund
  1311 | D:2      | Reached XP level 6. HP: 44/44 MP: 6/6
  1591 | D:2      | Killed Crazy Yiuf
  1810 | D:3      | Reached skill level 5 in Unarmed Combat
  2206 | D:3      | Noticed Ijyb
  2233 | D:3      | Killed Ijyb
  2233 | D:3      | Reached skill level 1 in Stealth
  2867 | D:4      | Reached XP level 7. HP: 42/50 MP: 7/7
  3091 | D:4      | Gained mutation: You are partially covered in thin metallic
                  | scales. (AC +2) [evolution]
  3705 | D:4      | Found Olainliu's Gadget Boutique.
  4008 | D:5      | Entered Level 5 of the Dungeon
  4017 | D:5      | Reached skill level 6 in Unarmed Combat
  4064 | D:5      | Found the ring of the Octopus King
  4152 | D:5      | Got a ring of the Octopus King
  4153 | D:5      | Identified a ring of the Octopus King {AC+1 EV+1 Str+1
                  | Int+1 Dex+1 Stlth+} (You found it on level 5 of the
                  | Dungeon)
  4312 | D:5      | Found a staircase to the Ecumenical Temple.
  4328 | D:5      | Reached skill level 5 in Dodging
  4376 | D:5      | Reached XP level 8. HP: 36/58 MP: 8/8
  4398 | Temple   | Entered the Ecumenical Temple
  4649 | Temple   | Became a worshipper of the Wu Jian Council
  4933 | D:6      | Reached skill level 7 in Unarmed Combat
  4968 | D:6      | Reached skill level 5 in Stealth
  5577 | D:6      | Reached skill level 8 in Unarmed Combat
  5910 | D:7      | Reached * piety under Wu Jian
  5994 | D:7      | Reached XP level 9. HP: 35/65 MP: 9/9
  6293 | D:7      | Reached skill level 9 in Unarmed Combat
  6469 | D:7      | Found a shimmering blue altar of Sif Muna.
  6791 | D:8      | Reached ** piety under Wu Jian
  6865 | D:8      | Found a sacrificial altar of Ru.
  6883 | D:8      | Reached skill level 5 in Fighting
  6956 | D:8      | Found a staircase to the Lair.
  6957 | D:8      | Noticed a komodo dragon
  7147 | D:8      | Reached skill level 10 in Unarmed Combat
  7591 | D:8      | Reached XP level 10. HP: 46/59 MP: 10/10
  7777 | Lair:1   | Entered Level 1 of the Lair of Beasts
  8090 | Lair:1   | Reached *** piety under Wu Jian
  8099 | Lair:1   | Noticed an oklob plant
  8140 | Lair:1   | Noticed an oklob plant
  8141 | Lair:1   | Noticed an oklob plant
  8420 | Lair:2   | HP: 3/60 [polar bear (14)]
  8723 | Lair:2   | Noticed a spiny frog
  8736 | Lair:2   | Killed a spiny frog
  8861 | Lair:2   | Reached skill level 11 in Unarmed Combat
  9056 | Lair:2   | Reached skill level 10 in Stealth
  9376 | Lair:2   | Noticed a seven-headed hydra
  9401 | Lair:2   | Killed a seven-headed hydra
  9470 | Lair:2   | Reached XP level 11. HP: 75/83 MP: 11/11
  9616 | Lair:2   | Noticed Gastronok
  9665 | Lair:2   | Reached skill level 12 in Unarmed Combat
  9696 | Lair:2   | Killed Gastronok
  9911 | Lair:2   | Gained mutation: You are partially covered in molten
                  | scales. (AC +2) [evolution]
 10316 | Lair:3   | Noticed a five-headed hydra
 10472 | Lair:3   | Killed a five-headed hydra
 10472 | Lair:3   | Reached skill level 13 in Unarmed Combat
 10706 | Lair:3   | Reached **** piety under Wu Jian
 10706 | Lair:3   | Reached skill level 10 in Dodging
 10714 | Lair:3   | Reached XP level 12. HP: 59/92 MP: 12/12
 10833 | Lair:3   | Noticed a seven-headed hydra
 10838 | Lair:3   | Killed a seven-headed hydra
 11009 | Lair:3   | Noticed a six-headed hydra
 11016 | Lair:3   | Killed a six-headed hydra
 11566 | Lair:4   | Reached skill level 14 in Unarmed Combat
 11618 | Lair:4   | HP: 1/75 [komodo dragon (19)]
 11914 | Lair:4   | You fall into a shaft and drop 2 floors!
 11914 | Lair:6   | Entered Level 6 of the Lair of Beasts
 12379 | Lair:5   | Reached ***** piety under Wu Jian
 12394 | Lair:4   | Found a staircase to the Swamp.
 12510 | Lair:4   | Reached XP level 13. HP: 101/101 MP: 13/13
 12726 | Lair:4   | Found a hole to the Spider Nest.
 13271 | Lair:5   | Reached skill level 15 in Unarmed Combat
 14089 | Lair:6   | Found a staircase to the Slime Pits.
 14090 | Lair:6   | Found a viscous altar of Jiyva.
 14296 | Lair:6   | Reached skill level 15 in Stealth
 14778 | Lair:6   | Reached skill level 16 in Unarmed Combat
 14937 | Lair:6   | Reached skill level 10 in Fighting
 15137 | Lair:6   | Reached ****** piety under Wu Jian
 15726 | D:9      | Reached XP level 14. HP: 110/110 MP: 14/14
 16075 | D:10     | Entered Level 10 of the Dungeon
 17535 | D:12     | Found a white marble altar of Elyvilon.
 17589 | D:12     | Found a staircase to the Orcish Mines.
 17606 | D:12     | Found a roughly hewn altar of Beogh.
 18379 | D:12     | Learned a level 6 spell: Simulacrum
 18418 | D:13     | Noticed Sonja
 18424 | D:13     | Killed Sonja
 18487 | D:13     | Noticed Maurice
 18570 | D:13     | Found Hiam's Antique Armour Boutique.
 18692 | D:13     | Noticed Jorgrun
 18708 | D:13     | Killed Jorgrun
 18708 | D:13     | Reached skill level 17 in Unarmed Combat
 18973 | D:13     | Learned a level 2 spell: Song of Slaying
 19161 | D:13     | Reached skill level 1 in Charms
 19282 | D:13     | Killed Maurice
 19286 | D:13     | Found the +3 crown of Dyrovepreva {rElec Int+2 SInv}
 19325 | D:13     | Noticed Urug
 19332 | D:13     | Killed Urug
 19335 | D:13     | Gained mutation: You possess an exceptional clarity of
                  | mind. [evolution]
 19428 | Orc:1    | Entered Level 1 of the Orcish Mines
 19812 | Orc:2    | Entered Level 2 of the Orcish Mines
 19930 | Orc:2    | Found a staircase to the Elven Halls.
 19942 | Orc:2    | Found Owuxto Cias's Jewellery Boutique.
 19991 | Orc:2    | Mangled by an orc warrior

Levels and vault maps discovered:
D:1:      tarquinn_simple_flora_water_d, layout_basic
D:2:      layout_basic, uniq_sigmund, uniq_crazy_yiuf_cottage
D:3:      layout_basic, uniq_ijyb
D:4:      layout_layer_cave, serial_shops, shop, gup_sewer_entry_spiral,
          sigmund_army
D:5:      layout_cave_pools, minmay_temple_entry_grid, first_ration,
          minivault_19
D:6:      layout_gridville, serial_bayou_lake_a
D:7:      layout_basic, nicolae_overflow_crystal_walls
D:8:      layout_basic, david_lair_shrubbed, basic_altar
D:9:      layout_roguey
D:10:     wander_river, layout_basic, kennysheep_generic_room_10
D:11:     layout_stronghold
D:12:     layout_gridville, minmay_orc_entry_temple_small, basic_altar
D:13:     layout_basic, serial_shops, nicolae_shop_behind_doors, uniq_sonja,
          uniq_urug, uniq_maurice, uniq_jorgrun
Temple:   nicolae_temple_the_god_donut
Lair:1:   layout_regular_city, disabler_island
Lair:2:   layout_concentric_octagons, kennysheep_abandoned_house, uniq_gastronok
Lair:3:   layout_chaotic_city, st_stairs_6, grunt_megastairs_1,
          lemuel_fruit_tree, serial_bayou_shore_a
Lair:4:   layout_cave_pods, skrybe_swamp_entry_bodies, dummy_spider_entry,
          beast_lair_carwin_8, grunt_megastairs_2
Lair:5:   layout_cave_shapes
Lair:6:   minmay_lair_end_enchanted_forest, layout_layer_cave, slime_altar_1,
          minivault_23, minivault_11, chequers_serial_rivers_large_b
Orc:1:    layout_caves
Orc:2:    st_orc_pillars, layout_caves, roderic_batcave,
          nicolae_orc_sculptors_studio, minmay_shop_enchanted_jewellery

Skill      XL: |  1  2  3  4  5  6  7  8  9 10 11 12 13 14 |
---------------+-------------------------------------------+-----
Fighting       | 2 3 4 5 6 7 9 10 | 10.7
Armour         | 1 3 4 |  4.2
Unarmed Combat | 4 5 6 8 10 11 13 14 16 17 | 17.1
Dodging        | 4 5 6 7 8 10 11 12 | 12.9
Stealth        | 1 4 6 8 10 12 14 15 16 | 16.6
Charms         | 4 |  4.0
Throwing       | |  1.5

Action                   |  1- 3 |  4- 6 |  7- 9 | 10-12 | 13-15 || total
-------------------------+-------+-------+-------+-------+-------++-------
Melee: Unarmed           |   140 |   224 |   557 |   738 |  1038 ||  2697
       Bite              |    11 |    25 |    69 |    99 |   128 ||   332
       Punch             |     1 |     7 |    21 |    53 |    68 ||   150
Throw: Throwing net      |       |     6 |     1 |     3 |     1 ||    11
 Cast: Song of Slaying   |       |       |       |       |     9 ||     9
Invok: Lunge             |       |       |    28 |    29 |    70 ||   127
       Whirlwind         |       |       |     2 |    61 |   252 ||   315
       Serpent's Lash    |       |       |       |     4 |       ||     4
 Abil: Exsanguinate      |       |       |     1 |     1 |       ||     2
       Revivify          |       |       |       |     2 |       ||     2
       Wall Jump         |       |       |       |     2 |     1 ||     3
Evoke: Wand              |       |     1 |     4 |    20 |    11 ||    36
  Use: Potion            |       |     5 |       |     8 |     3 ||    16
       Scroll            |       |     5 |    11 |     8 |     7 ||    31
 Stab: Sleeping          |     1 |     3 |    20 |    19 |    51 ||    94
       Held in net/web   |       |     2 |       |     3 |       ||     5
       Distracted        |       |       |       |     2 |     4 ||     6
       Invisible         |       |       |       |    12 |     2 ||    14
       Confused          |       |       |       |       |    10 ||    10
Armor: Leather armour    |    23 |    62 |   137 |   162 |   175 ||   559
Dodge: Dodged            |   112 |   196 |   404 |   623 |   805 ||  2140

Table legend:
 A = Non-vault XP
 B = Vault XP
 C = Vault XP percentage of total XP
 D = Non-vault monster count
 E = Vault monster count
 F = Vault count percentage of total count
                 A         B        C        D         E       F
            +---------+---------+-------+---------+---------+-------
      Total |   70927 |   23309 |  24.7 |     507 |     126 |  19.9
            +---------+---------+-------+---------+---------+-------
        D:1 |      58 |       0 |   0.0 |      32 |       0 |   0.0
        D:2 |     225 |     262 |  53.8 |      37 |       2 |   5.1
        D:3 |      39 |      38 |  49.4 |      12 |       1 |   7.7
        D:4 |     315 |      37 |  10.5 |      13 |      11 |  45.8
        D:5 |     679 |       0 |   0.0 |      21 |       0 |   0.0
        D:6 |     815 |       0 |   0.0 |      17 |       0 |   0.0
        D:7 |    1341 |       0 |   0.0 |      24 |       0 |   0.0
        D:8 |    1724 |     383 |  18.2 |      42 |       1 |   2.3
        D:9 |    2361 |       0 |   0.0 |      22 |       0 |   0.0
       D:10 |    2407 |     136 |   5.3 |      14 |       1 |   6.7
       D:11 |    6197 |       0 |   0.0 |      39 |       0 |   0.0
       D:12 |    3006 |     220 |   6.8 |      14 |       6 |  30.0
       D:13 |    5954 |    5066 |  46.0 |      19 |       4 |  17.4
     Lair:1 |     940 |       0 |   0.0 |       7 |       0 |   0.0
     Lair:2 |    7321 |    3296 |  31.0 |      28 |      17 |  37.8
     Lair:3 |    8859 |     239 |   2.6 |      34 |       2 |   5.6
     Lair:4 |    4138 |    5053 |  55.0 |      24 |      16 |  40.0
     Lair:5 |    9299 |       0 |   0.0 |      23 |       0 |   0.0
     Lair:6 |   10320 |    8127 |  44.1 |      35 |      47 |  57.3
      Orc:1 |    3040 |       0 |   0.0 |      32 |       0 |   0.0
      Orc:2 |    1889 |     452 |  19.3 |      18 |      18 |  50.0
            +---------+---------+-------+---------+---------+-------
